Map: Blackburn LE

Players

Percival

  • Race: Terran Terran

DRG - Winner!

  • Race: Zerg Zerg

VOD

Have the link to the VOD?

Description

Time

  • Played on: Dec. 15, 2021, 4:23 a.m.
  • Length: 13:39
Show
View Real Time Build Order
Export as new Build Order

Percival Terran 

Build Orders: Command Center First (CC) 

Get SALT Encoding   

  12  0:00  SCV  
  13  0:12  SCV  
  14  0:17  Supply Depot  
  14  0:24  SCV  
  15  0:38  SCV  
  16  0:51  SCV  
  17  0:59  Command Center  
  18  1:09  Barracks  
  17  1:13  SCV  
  18  1:18  Refinery  
  18  1:25  SCV  
  19  1:27  Refinery  
  19  1:37  SCV  
  20  1:49  SCV  
  21  1:56  Marine  
  22  2:01  Orbital Command  
  22  2:08  Factory  
  22  2:14  Orbital Command  
  22  2:18  Barracks Reactor  
  22  2:26  SCV  
  23  2:38  SCV  
  23  2:39  SCV  
  25  2:50  SCV, Supply Depot  
  26  2:51  SCV  
  26  2:53  Starport  
  26  2:58  Hellion x2  
  31  3:02  Marine  
  31  3:04  SCV  
  31  3:05  SCV  
  34  3:16  Refinery, SCV  
  34  3:17  SCV  
  36  3:21  Barracks Tech Lab  
  36  3:28  SCV  
  36  3:29  SCV, Supply Depot  
  36  3:32  Fusion Core  
  38  3:34  Starport  
  38  3:40  SCV  
  39  3:41  SCV  
  39  3:44  Viking  
  42  3:54  Hellion, SCV x2  
  46  4:00  Supply Depot  
  46  4:02  Barracks Tech Lab, Supply Depot  
  46  4:06  SCV  
  46  4:07  SCV  
  48  4:11  Refinery  
  48  4:18  SCV  
  48  4:19  SCV  
  50  4:30  SCV  
  50  4:31  SCV  
  52  4:32  Command Center  
  52  4:42  Battlecruiser  
  52  4:44  SCV  
  59  4:46  SCV  
  60  4:57  Battlecruiser  
  60  4:58  SCV  
  60  4:59  SCV  
  68  5:03  Barracks Tech Lab  
  68  5:11  Supply Depot  
  68  5:12  SCV x2  
  70  5:16  Weapon Refit, Supply Depot  
  70  5:19  Factory Reactor  
  70  5:23  Stimpack  
  70  5:29  Engineering Bay  
  70  5:33  SCV x2, Engineering Bay, Marine  
  71  5:45  Barracks x2, SCV x2  
  71  5:48  Orbital Command  
  73  5:51  Marine  
  74  5:57  SCV x2  
  76  6:08  Barracks  
  76  6:09  Barracks, SCV x2  
  74  6:12  Battlecruiser  
  74  6:14  SCV  
  79  6:21  SCV x2  
  79  6:23  Battlecruiser  
  87  6:26  SCV  
  88  6:33  SCV x2, Marine  
  88  6:34  Marine  
  88  6:35  Factory Tech Lab  
  88  6:36  Marine  
  88  6:38  SCV  
  94  6:40  Terran Infantry Armor Level 1  
  94  6:41  Terran Infantry Weapons Level 1  
  94  6:45  SCV x2  
  96  6:48  Marine x2  
  96  6:51  Marine  
  96  6:52  Supply Depot x2, Marine  
  101  6:54  Marine  
  101  6:58  Barracks Reactor x2, Supply Depot  
  101  6:59  Orbital Command, Supply Depot  
  101  7:02  Armory  
  101  7:14  Siege Tank, Marine x5  
  109  7:21  Refinery  
  109  7:22  Refinery, SCV x2  
  110  7:31  Marine x5  
  110  7:32  SCV  
  110  7:34  Medivac x2, SCV x2  
  110  7:36  Marine x4  
  126  7:44  Supply Depot  
  126  7:45  Supply Depot  
  126  7:46  SCV x3  
  126  7:47  Supply Depot  
  126  7:49  Marine  
  126  7:50  Siege Tank, Combat Shield  
  133  8:05  Marine x8  
  141  8:07  Marine  
  141  8:08  Medivac  
  141  8:12  Medivac  
  143  8:23  Marine x6  
  143  8:25  SCV x3  
  127  8:31  Marine x3  
  127  8:34  Siege Tank  
  124  8:37  SCV  
  124  8:40  Marine x4  
  124  8:41  Marine x2  
  106  8:48  Marine  
  106  8:49  Medivac x2, Marine  
  112  8:59  Marine x3  
  112  9:00  Marauder, Marine  
  112  9:02  Marine  
  111  9:03  Marine  
  111  9:08  Siege Tank  
  111  9:09  Marine  
  115  9:13  SCV x2  
  115  9:15  SCV  
  119  9:25  SCV x2  
  119  9:27  SCV  
  119  9:31  Marine x2  
  123  9:35  Marine x6  
  123  9:36  Marine  
  131  9:45  Siege Tank  
  129  9:49  Marine x2  
  129  9:53  Marine x6  
  129  9:58  Marine  
  112  10:01  Battlecruiser  
  112  10:06  Marine  
  119  10:13  Marine x2  
  119  10:14  Marine x4  
  114  10:15  Marine  
  114  10:16  Marauder  
  114  10:17  Siege Tank  
  114  10:27  SCV x3  
  113  10:30  Marine  
  113  10:31  Marine x2  
  113  10:33  Medivac  
  118  10:39  SCV x2  
  118  10:42  SCV  
  121  10:44  Marine  
  116  10:50  Marine x4  
  116  10:51  Marine, SCV x2  
  116  10:52  Marine  
  122  10:58  Siege Tank  
  123  11:05  Medivac  
  125  11:13  Missile Turret  
  125  11:14  SCV x2  
  125  11:15  SCV  
  128  11:19  Missile Turret  
  118  11:27  Medivac  
  118  11:29  SCV x2  
  102  11:33  Marine x3  
  102  11:34  Marine x3  
  102  11:36  Marine x3  
  100  11:49  Battlecruiser  
  100  11:50  SCV  
  107  11:58  Marine x4  
  107  11:59  Marine  
  107  12:01  Marine  
  99  12:02  Marine x2  
  99  12:03  Marine  
  99  12:07  Siege Tank  
  102  12:08  Medivac  
  104  12:16  Marine x2  
  104  12:21  SCV x2  
  104  12:22  SCV  
  109  12:25  Marine  
  109  12:26  Marine x2  
  109  12:27  Marine  
  113  12:30  Marine x3  
  113  12:36  Marine  
  113  12:37  Marine  
  117  12:42  Siege Tank  
  117  12:43  Marine x2  
  123  12:50  Liberator  
  132  13:03  Marine  
  132  13:04  Marine x5  
  138  13:06  Marine x2  
  138  13:07  Marine  
Show
View Real Time Build Order
Export as new Build Order

DRG Zerg - Winner!

Build Orders: Hatch First 

Get SALT Encoding   

  12  0:00  Drone  
  13  0:12  Overlord  
  13  0:16  Drone  
  14  0:30  Drone x2  
  16  0:48  Hatchery  
  15  0:51  Drone  
  15  0:54  Drone  
  17  0:57  Drone  
  18  1:09  Extractor  
  17  1:13  Spawning Pool  
  17  1:16  Drone  
  17  1:19  Drone  
  18  1:28  Drone  
  19  1:38  Drone  
  20  1:49  Drone  
  21  1:59  Queen x2  
  21  2:00  Zergling x4  
  27  2:10  Overlord  
  27  2:11  Zergling x2  
  28  2:21  Hatchery  
  27  2:25  Drone  
  27  2:29  Drone  
  29  2:34  Drone x2  
  31  2:39  Queen  
  33  2:45  Overlord  
  33  2:50  Metabolic Boost  
  33  2:53  Drone  
  33  2:56  Drone  
  35  2:59  Drone  
  35  3:03  Overlord  
  35  3:05  Drone  
  37  3:07  Drone  
  37  3:11  Drone x2  
  40  3:17  Queen  
  42  3:22  Drone  
  42  3:24  Drone  
  44  3:28  Queen  
  44  3:30  Drone  
  44  3:32  Drone  
  48  3:37  Queen  
  50  3:42  Drone x2  
  50  3:45  Overlord  
  50  3:47  Drone  
  53  3:50  Drone x2  
  55  3:55  Queen  
  55  4:00  Drone  
  55  4:01  Baneling Nest  
  57  4:03  Zergling x2  
  57  4:06  Zergling x6  
  61  4:11  Drone  
  61  4:14  Drone  
  61  4:15  Drone x2  
  65  4:20  Drone  
  65  4:22  Overlord  
  65  4:25  Overlord  
  65  4:31  Spore Crawler, Queen  
  65  4:32  Spore Crawler x2  
  65  4:34  Drone  
  65  4:40  Overlord  
  65  4:42  Drone x5  
  70  4:47  Zergling x8  
  70  4:50  Overlord  
  74  4:55  Lair  
  74  4:57  Drone x2  
  74  4:58  Drone  
  77  5:01  Drone, Extractor x2  
  77  5:03  Drone x2  
  78  5:10  Drone  
  79  5:14  Drone  
  79  5:15  Drone x4  
  79  5:16  Drone x2  
  86  5:21  Evolution Chamber  
  86  5:22  Drone  
  86  5:23  Drone  
  86  5:24  Evolution Chamber  
  86  5:25  Drone  
  87  5:30  Drone  
  87  5:33  Drone  
  89  5:37  Drone  
  89  5:39  Overlord  
  89  5:40  Extractor x2  
  88  5:44  Zergling x4  
  88  5:49  Overlord  
  90  5:50  Zerg Melee Weapons Level 1, Zerg Ground Armor Level 1  
  90  5:53  Overlord  
  90  5:57  Queen x2  
  90  5:59  Centrifugal Hooks  
  90  6:00  Overlord  
  90  6:02  Drone x3  
  97  6:05  Overlord  
  97  6:09  Queen  
  97  6:17  Spire  
  96  6:20  Drone  
  93  6:28  Spore Crawler  
  93  6:32  Queen x2  
  90  6:35  Drone x3  
  94  6:40  Drone  
  94  6:41  Drone x2  
  94  6:42  Drone  
  94  6:43  Extractor  
  94  6:45  Queen  
  94  6:46  Drone x2  
  101  6:48  Drone x2  
  101  6:54  Spore Crawler x2  
  102  6:58  Overlord  
  101  7:03  Overlord  
  101  7:07  Spore Crawler, Drone  
  101  7:08  Queen, Drone x2  
  103  7:13  Drone x2  
  107  7:19  Hatchery  
  107  7:20  Drone x2  
  104  7:24  Drone x2  
  103  7:31  Mutalisk x8  
  103  7:33  Mutalisk  
  121  7:40  Overlord  
  121  7:41  Zerg Flyer Weapons Level 1  
  121  7:42  Mutalisk x2  
  125  7:45  Overlord  
  125  7:51  Baneling x5  
  125  7:52  Zergling x12  
  125  7:54  Zergling x2  
  125  7:56  Baneling x4  
  132  8:01  Mutalisk  
  132  8:02  Zergling x2  
  132  8:03  Zergling x4  
  137  8:08  Zergling x10  
  142  8:13  Mutalisk x2  
  142  8:15  Zergling x2  
  147  8:23  Zergling x12  
  147  8:24  Baneling x5  
  147  8:26  Zergling x2  
  151  8:29  Baneling x3  
  151  8:32  Zergling x6  
  130  8:41  Mutalisk  
  130  8:42  Mutalisk  
  130  8:44  Zergling x12  
  130  8:45  Zergling x2  
  126  8:49  Mutalisk  
  126  8:53  Zergling x10  
  128  8:56  Mutalisk  
  128  9:01  Mutalisk  
  128  9:02  Queen x2  
  127  9:06  Queen x2  
  128  9:11  Zergling x6  
  128  9:13  Zergling x4  
  133  9:19  Baneling x11  
  133  9:20  Zergling x2  
  134  9:25  Zergling x8  
  134  9:29  Mutalisk x2  
  142  9:33  Zergling x2  
  142  9:34  Zergling x2  
  142  9:40  Queen  
  142  9:43  Overlord x2  
  142  9:45  Mutalisk x2  
  143  9:47  Baneling x4  
  134  9:58  Mutalisk  
  112  10:00  Zergling x24  
  112  10:02  Queen  
  112  10:06  Zergling x6  
  128  10:10  Mutalisk x2  
  122  10:15  Zergling x8  
  122  10:17  Zergling x4  
  120  10:23  Mutalisk x2  
  120  10:25  Zergling x4  
  122  10:30  Mutalisk  
  122  10:32  Zergling x6  
  126  10:37  Baneling x4  
  126  10:38  Zergling x6  
  129  10:43  Zergling x8  
  119  10:52  Mutalisk x3  
  119  10:54  Zergling x10  
  118  10:58  Zergling x10  
  118  11:00  Baneling  
  118  11:02  Mutalisk  
  124  11:04  Zergling x4  
  124  11:08  Zergling x8  
  127  11:12  Zergling x6  
  127  11:18  Zergling x6  
  130  11:19  Baneling Nest  
  117  11:31  Mutalisk x4  
  107  11:35  Zergling x6  
  107  11:38  Mutalisk  
  104  11:40  Zergling x4  
  104  11:47  Zergling x8  
  104  11:51  Zergling x6  
  105  12:00  Mutalisk x2  
  103  12:02  Zergling x12  
  103  12:04  Zergling x4  
  106  12:09  Mutalisk x2, Extractor x2  
  105  12:17  Zergling x8  
  105  12:20  Evolution Chamber x2  
  106  12:26  Mutalisk x2  
  106  12:29  Baneling x2  
  110  12:30  Zergling x6  
  110  12:34  Mutalisk  
  110  12:37  Zergling x4  
  117  12:42  Mutalisk  
  119  12:47  Zergling x6  
  119  12:48  Zergling x4  
  119  12:49  Baneling x6  
  124  12:54  Mutalisk  
  124  12:57  Queen  
  124  12:58  Queen  
  124  13:01  Queen  
  128  13:06  Mutalisk x2  
  128  13:08  Zergling x4  
  128  13:09  Baneling x2  
  128  13:10  Baneling  
  134  13:13  Zergling x4  
  134  13:14  Overlord  
  134  13:17  Baneling x5  
  136  13:20  Overlord  
  136  13:21  Overlord  
  136  13:23  Baneling x3  
Tags
 
Add a new tag
Caveats
  • Supply blocks, unpowered buildings, or Contaminate may cause inaccurate times.
  • Supply counts are checked every 10 seconds.